 Dungeon Crawl Stone Soup version 0.17-a0-1718-g72dbe4d (webtiles) character file.

937 Ace the Magician (level 7, -1/36 HPs)
             Began as a Deep Elf Ice Elementalist on Aug 27, 2015.
             Was a Follower of Vehumet.
             Slain by a hippogriff (8 damage)
             ... on level 6 of the Dungeon.
             The game lasted 00:27:17 (6985 turns).

Ace the Magician (Deep Elf Ice Elementalist)        Turns: 6985, Time: 00:27:17

Health: -1/36      AC:  2    Str:  5    XL:     7   Next: 87%
Magic:  13/19      EV: 13    Int: 22    God:    Vehumet [*.....]
Gold:   209        SH:  0    Dex: 15    Spells: 4 memorised, 10 levels left

rFire  . . .     SeeInvis .     B - +0 quarterstaff
rCold  . . .     Clarity  .     v - +0 robe
rNeg   . . .     SustAt   .     (no shield)
rPois  +         Gourm    .     (no helmet)
rElec  .         Spirit   .     (no cloak)
rCorr  .         Warding  .     (no gloves)
rMut   .         Stasis   .     (no boots)
MR     .....                    (no amulet)
Stlth  ++........               (no ring)
                                i - ring of poison resistance

@: not resistant to hostile enchantments, unstealthy
A: no striking features
a: Renounce Religion


You were on level 6 of the Dungeon.
You worshipped Vehumet.
Vehumet was aware of your devotion.
You were not hungry.

You visited 1 branch of the dungeon, and saw 6 of its levels.
You also visited: Ossuary.

You collected 209 gold pieces.

Inventory:

Hand weapons
 B - a +0 quarterstaff (weapon)
Armour
 m - a +2 buckler
 v - a +0 robe (worn)
Jewellery
 i - a ring of poison resistance (left hand)
Magical devices
 a - a wand of cold (5)
 n - a wand of polymorph (11)
 s - a wand of frost (6)
 z - a wand of random effects (29)
 C - a wand of paralysis (9)
Scrolls
 f - 4 scrolls of teleportation {unknown}
 h - 3 scrolls of identify {unknown}
 j - a scroll of enchant armour {unknown}
 l - a scroll of fog {unknown}
 p - a scroll of noise {unknown}
 r - 4 scrolls of remove curse {unknown}
 t - a scroll of random uselessness {unknown}
 u - a scroll of fear {unknown}
 y - a scroll of amnesia {unknown}
 D - a scroll of torment {unknown}
 F - a scroll of recharging {unknown}
Potions
 d - a potion of degeneration {unknown}
 e - a potion of ambrosia {unknown}
 g - 2 potions of agility {unknown}
 o - a potion of heal wounds {unknown}
 w - 2 potions of brilliance {unknown}
 A - a potion of cancellation {unknown}
Books
 b - a book of Frost

   Spells                             Type                      Level
   a - Freeze                         Ice                          1
   b - Throw Frost                    Conjuration/Ice              2
   c - Ozocubu's Armour               Charms/Ice                   3
   d - Throw Icicle                   Conjuration/Ice              4
   e - Summon Ice Beast               Ice/Summoning                4
   f - Condensation Shield            Ice                          4
 k - a book of the Sky

   Spells                             Type                      Level
   a - Summon Lightning Spire         Summoning/Air                4
   b - Airstrike                      Air                          4
   c - Silence                        Hexes/Air                    5
   d - Deflect Missiles               Charms/Air                   6
   e - Conjure Ball Lightning         Conjuration/Air              6
   f - Tornado                        Air                          9
Comestibles
 c - 5 chunks of flesh
 x - 2 meat rations


   Skills:
 + Level 3.4 Dodging
 - Level 2.4 Stealth
 + Level 7.1 Spellcasting
 + Level 4.9 Conjurations
 - Level 4.0 Charms
 + Level 6.2 Ice Magic


You had 10 spell levels left.
You knew the following spells:

 Your Spells              Type           Power        Failure   Level  Hunger
a - Freeze                Ice            ####         1%          1    None
b - Throw Frost           Conj/Ice       ####..       1%          2    None
c - Throw Icicle          Conj/Ice       ####....     12%         4    ###....
d - Ozocubu's Armour      Chrm/Ice       ####....     3%          3    None


Dungeon Overview and Level Annotations

Branches:
Dungeon (6/15)             Temple (0/1) D:4

Altars:
Cheibriados
Fedhas
Makhleb
Trog
Vehumet

Annotations:
D:4 Menkaure
D:5 casanoah's ghost, experienced VSEn


Message History

Casting: Freeze
Confirm with . or Enter, or press ? or * to list all spells.
Aiming: Freeze
Press: ? - help, Shift-Dir - straight line, f/p - hippogriff
Aim: a hippogriff (lightly wounded)
You freeze the hippogriff.
The hippogriff is moderately wounded.
The hippogriff bites you. The hippogriff pecks you! The hippogriff claws you.
The crimson imp blinks!
Casting: Freeze
Confirm with . or Enter, or press ? or * to list all spells.
Aiming: Throw Icicle
Press: ? - help, Shift-Dir - straight line, f/p - hippogriff
Aim: a hippogriff (moderately wounded)
The shard of ice hits the hippogriff.
The hippogriff is severely wounded.
The hippogriff bites you.
* * * LOW HITPOINT WARNING * * *
The hippogriff pecks you!
You die...

##+####
#.....#
###+###.....#
#.....#.....#
+)....H@....#
#.##ยง###...##
#... ####
#.... #....#
#....# #....#
#....#


You could see a hippogriff.

Vanquished Creatures
  Sigmund (D:5)
  A sky beast (D:5)
  An ogre (D:5)
  A scorpion (D:5)
  3 crimson imps
  Ijyb (D:2)
  2 giant frog skeletons (D:5)
  4 worker ants (D:5)
  An iguana (D:4)
  3 gnolls (D:4)
  11 adders
  2 oozes
  An adder skeleton (D:5)
  3 worms
  3 giant geckos (D:2)
  6 orcs
  2 ball pythons
  3 bats
  6 giant cockroaches
  16 goblins
  4 hobgoblins
  8 kobolds
  3 quokkas
  A giant gecko zombie (D:5)
  4 giant newts
  5 jackals
  A jackal skeleton (D:4)
  7 rats
104 creatures vanquished.

Vanquished Creatures (others)
  A wizard (D:3)
1 creature vanquished.

Grand Total: 105 creatures vanquished

Notes
Turn   | Place    | Note
--------------------------------------------------------------
     0 | D:1      | Ace the Deep Elf Ice Elementalist began the quest for the Orb.
     0 | D:1      | Reached XP level 1. HP: 10/10 MP: 6/6
   201 | D:1      | Reached XP level 2. HP: 15/15 MP: 6/8
   252 | D:1      | Learned a level 2 spell: Throw Frost
  1451 | D:2      | Found a blossoming altar of Fedhas.
  1515 | D:2      | Reached XP level 3. HP: 19/19 MP: 7/10
  1586 | D:2      | Reached skill level 4 in Spellcasting
  1994 | D:2      | Noticed Ijyb
  2022 | D:2      | Killed Ijyb
  2022 | D:2      | Reached XP level 4. HP: 24/24 MP: 9/12
  2072 | D:2      | Learned a level 4 spell: Throw Icicle
  3330 | D:3      | Found a bloodstained altar of Trog.
  3332 | D:3      | Noticed a wizard
  3337 | D:3      | Killed a wizard
  4086 | D:3      | Reached XP level 5. HP: 28/28 MP: 11/14
  4117 | D:3      | Reached skill level 5 in Spellcasting
  4313 | D:3      | Found a snail-covered altar of Cheibriados.
  4425 | D:3      | Learned a level 3 spell: Ozocubu's Armour
  4434 | D:3      | Found a radiant altar of Vehumet.
  4503 | D:3      | Found a burning altar of Makhleb.
  4532 | D:3      | Became a worshipper of Vehumet
  4678 | D:3      | Reached skill level 1 in Charms
  5156 | D:4      | Reached skill level 5 in Ice Magic
  5259 | D:4      | Found a sand-covered staircase.
  5269 | Ossuary  | Entered an ossuary
  5360 | D:4      | Found a staircase to the Ecumenical Temple.
  5421 | D:4      | Reached XP level 6. HP: 30/32 MP: 5/16
  5511 | D:4      | Noticed an angel
  5667 | D:4      | Noticed Menkaure
  5677 | D:5      | Entered Level 5 of the Dungeon
  5859 | D:5      | Reached skill level 6 in Spellcasting
  5985 | D:5      | Noticed Sigmund
  5997 | D:5      | Killed Sigmund
  5997 | D:5      | Reached XP level 7. HP: 11/36 MP: 1/18
  6138 | D:5      | Noticed casanoah's ghost (experienced VSEn)
  6394 | D:5      | Acquired Vehumet's first power
  6394 | D:5      | Offered knowledge of Shock by Vehumet.
  6896 | D:5      | Reached skill level 7 in Spellcasting
  6985 | D:6      | Slain by a hippogriff

Vault maps used:
D:1:      dpeg_arrival_signposts
D:2:      kennysheep_the_goblin_king, lemuel_round_altar
D:3:      grunt_temple_overflow_lords_of_destruction, overflow_temple_1_default,
          trog_wizard
D:4:      temple_garden, enter_ossuary_2, first_bread, serial_park_tiny_1,
          uniq_menkaure
D:5:      uniq_sigmund
Ossuary:  ossuary_minmay_tomb_2a

Action                   |  1- 3 |  4- 6 |  7- 9 || total
-------------------------+-------+-------+-------++-------
Melee: Unarmed           |     5 |       |       ||     5
       Whip              |     4 |     9 |       ||    13
       Quarterstaff      |       |     9 |    15 ||    24
 Cast: Freeze            |    41 |    33 |    10 ||    84
       Throw Frost       |    20 |    37 |    13 ||    70
       Throw Icicle      |       |    29 |    12 ||    41
       Ozocubu's Armour  |       |     3 |     1 ||     4
  Eat: Beef jerky        |     1 |       |     2 ||     3
       Chunk             |     2 |    13 |       ||    15
       Pizza             |       |     1 |       ||     1
       Royal jelly       |       |     1 |       ||     1
       Bread ration      |       |       |     1 ||     1
